 Dungeon Crawl Stone Soup version 0.18-a0-960-g77c8fc5 (webtiles) character file.

28 Ishamoridin the Magician (level 2, 0/20 HPs)
             Began as a Draconian Wizard on Jan 1, 2016.
             Slain by an adder (5 damage)
             ... on level 2 of the Dungeon.
             The game lasted 00:11:05 (1229 turns).

Ishamoridin the Magician (Draconian Wizard)         Turns: 1229, Time: 00:11:06

Health: 0/20       AC:  6    Str:  9    XL:     2   Next: 96%
Magic:  2/6        EV: 12    Int: 18    God:
Gold:   9          SH:  0    Dex:  9    Spells: 4 memorised, 1 level left

rFire  . . .     SeeInvis .     i - +0 dagger
rCold  . . .     Gourm    .     (armour unavailable)
rNeg   . . .     Faith    .     (no shield)
rPois  .         Spirit   .     a - +0 hat
rElec  .         Dismiss  .     (no cloak)
rCorr  .         Reflect  .     u - +1 pair of gloves
SustAt .         Harm     .     (no boots)
MR     .....                    (no amulet)
Stlth  ++........               (no ring)
                                (no ring)

@: lethally poisoned (0 -> -7), not resistant to hostile enchantments,
unstealthy
A: unfitting armour, cold-blooded, AC +4
a: no special abilities


You were on level 2 of the Dungeon.
You were not hungry.

You visited 1 branch of the dungeon, and saw 2 of its levels.

You collected 9 gold pieces.

Inventory:

Hand Weapons
 e - a +0 dagger
 f - a +0 club
 i - a +0 dagger (weapon)
 p - a +0 club
 q - a +0 dagger
 t - a +0 club
 v - a +0 whip
 w - a +0 dagger
 y - a +0 hand axe
Missiles
 d - 6 needles of sleeping
 g - 24 sling bullets
 h - 5 javelins (quivered)
 l - 52 stones
 n - 39 arrows
 o - 4 large rocks
Armour
 a - a +0 hat (worn)
 r - a +0 chain mail
 u - a +1 pair of gloves (worn)
Scrolls
 j - a scroll of recharging
Potions
 m - a potion of curing
 s - a potion of lignification {unknown}
Books
 b - a book of Minor Magic

   Spells                             Type                      Level
   a - Magic Dart                     Conjuration                  1
   b - Blink                          Translocation                2
   c - Call Imp                       Summoning                    2
   d - Repel Missiles                 Charms/Air                   2
   e - Slow                           Hexes                        2
   f - Conjure Flame                  Conjuration/Fire             3
   g - Mephitic Cloud                 Conjuration/Poison/Air       3
Comestibles
 c - 2 bread rations
 k - 2 meat rations


   Skills:
 + Level 1.8 Dodging
 + Level 1.9 Stealth
 + Level 3.8 Spellcasting
 + Level 1.2 Conjurations
 + Level 1.0 Summonings
 + Level 1.1 Translocations


You had one spell level left.
You knew the following spells:

 Your Spells              Type           Power        Failure   Level  Hunger
a - Magic Dart            Conj           #...         12%         1    None
b - Call Imp              Summ           #.......     17%         2    ##.....
c - Blink                 Tloc           N/A          14%         2    ##.....
d - Repel Missiles        Chrm/Air       #.....       28%         2    ##.....


Dungeon Overview and Level Annotations

Branches:
Dungeon (2/15)

Altars:


Innate Abilities, Weirdness & Mutations

Your plain brown scales are hard (AC +4).
Your body does not fit into most forms of armour.
You are cold-blooded and may be slowed by cold attacks.


Message History

You are more poisoned.
The adder poisons you! The adder bites you.
You are lethally poisoned!
The adder poisons you!
You feel sick. The adder closely misses you.
You feel sick.
You feel sick.
You feel sick. The adder closely misses you.
Sorry, you're not good enough to have a special ability.
You feel sick.
You feel sick. The adder misses you.
* * * LOW HITPOINT WARNING * * *
You feel sick.
All of the chunks of flesh in your inventory have rotted away.
* * * LOW HITPOINT WARNING * * *
You feel sick.
* * * LOW HITPOINT WARNING * * *
You feel sick. The adder bites you.
You die...

###########
.........>#
#######.#.#
#.#.#
#.#.######
#@#.#....#
#S#.##.#
#S#....#
#.######
#.# #.# #.#
#.# #ยง#


You could see 2 adders.

Vanquished Creatures
  A gnoll (D:1)
  5 goblins
  2 hobgoblins (D:1)
  A kobold (D:1)
  3 bats (D:1)
  A giant newt (D:1)
  3 rats (D:1)
16 creatures vanquished.

Vanquished Creatures (collateral kills)
  A goblin (D:1)
  A hobgoblin (D:1)
2 creatures vanquished.

Vanquished Creatures (others)
  An ooze (D:1)
1 creature vanquished.

Grand Total: 19 creatures vanquished

Notes
Turn   | Place    | Note
--------------------------------------------------------------
     0 | D:1      | Ishamoridin the Draconian Wizard began the quest for the Orb.
     0 | D:1      | Reached XP level 1. HP: 14/14 MP: 4/4
   436 | D:1      | Reached XP level 2. HP: 20/20 MP: 0/6
   512 | D:1      | Learned a level 2 spell: Call Imp
   515 | D:1      | Learned a level 2 spell: Blink
   518 | D:1      | Learned a level 2 spell: Repel Missiles
  1229 | D:2      | Slain by an adder

Vault maps used:
D:1:      shiori_arrival_oz

Action                   || total
-------------------------++-------
Melee: Dagger            ||     8
Throw: Javelin           ||     4
 Cast: Magic Dart        ||    30
       Call Imp          ||    10
       Blink             ||     1
  Use: Scroll            ||     3
  Eat: Chunk             ||     1
